 Dungeon Crawl Stone Soup version 0.22.0-13-g43fe8f2 (webtiles) character file.

202 mopl the Slasher (level 5, -7/30 HPs)
             Began as a Tengu Warper on Aug 16, 2018.
             Killed from afar by an orc wizard (13 damage)
             ... with a puff of flame
             ... on level 2 of the Dungeon.
             The game lasted 00:03:58 (2813 turns).

mopl the Slasher (Tengu Warper)                     Turns: 2813, Time: 00:03:59

Health: -7/30      AC:  3    Str: 11    XL:     5   Next: 80%
Magic:  9/9        EV: 12    Int: 18    God:
Gold:   52         SH:  0    Dex: 14    Spells: 4/8 levels left

rFire    . . .     SeeInvis .   b - +2 dagger (elec)
rCold    . . .     Gourm    .   (no shield)
rNeg     . . .     Faith    .   t - +0 leather armour
rPois    .         Spirit   .   (helmet restricted)
rElec    .         Reflect  .   i - scarf {repulsion}
rCorr    .         Harm     .   (no gloves)
MR       .....                  (boots unavailable)
Stlth    +.........             (no amulet)
HPRegen  0.10/turn              q - +4 ring of intelligence
MPRegen  0.11/turn              (no ring)

@: confused, repel missiles
A: beak, talons 3, able to fly 1
a: Fly


You were on level 2 of the Dungeon.
You were not hungry.

You visited 1 branch of the dungeon, and saw 3 of its levels.

You collected 52 gold pieces.

Inventory:

Hand Weapons
 a - a +0 falchion
 b - a +2 dagger of electrocution (weapon)
Missiles
 e - 5 tomahawks of dispersal
 j - 3 javelins
 r - 3 tomahawks (quivered)
Armour
 i - a scarf of repulsion (worn)
 n - a +0 buckler
 t - a +0 leather armour (worn)
Jewellery
 q - a +4 ring of intelligence (left hand)
Scrolls
 d - 2 scrolls of blinking
 g - 2 scrolls of identify {unknown}
 l - a scroll of amnesia {unknown}
 m - a scroll of remove curse {unknown}
 o - a scroll of enchant weapon {unknown}
Potions
 c - a potion of might {unknown}
 k - a potion of lignification {unknown}
 p - a potion of heal wounds {unknown}
Comestibles
 f - 8 rations


   Skills:
 - Level 2.0 Fighting
 * Level 6.4 Long Blades
 - Level 1.0 Throwing
 - Level 1.1 Armour
 - Level 2.1 Dodging
 - Level 2.0 Spellcasting
 - Level 2.4 Translocations


You had 4 spell levels left.
You knew the following spells:

 Your Spells              Type           Power        Failure   Level  Hunger
e - Blink                 Tloc           N/A          14%         2    ###....
f - Shroud of Golubria    Chrm/Tloc      #.........   22%         2    ###....

Your spell library contained the following spells:

 Spells                   Type           Power        Failure   Level  Hunger
 Teleport Other           Tloc           ##......     26%         3    ###....
 Passage of Golubria      Tloc           N/A          65%         4    #####..
 Gell's Gravitas          Tloc           ##........   26%         3    ###....
 Lesser Beckoning         Tloc           ##........   26%         3    ###....


Dungeon Overview and Level Annotations

Branches:
Dungeon (3/15)

Altars:


Innate Abilities, Weirdness & Mutations

You have a beak for a mouth.
You have claws for feet.
You can fly.


Message History

The magic dart hits you!
* * * LOW HITPOINT WARNING * * *
You feel better. Something hits you but does no damage.
You miss something. You claw something. Something barely misses you.
You miss something. Your kick misses something.
You hear some strange, mumbled words.
A puff of flame appears from out of thin air!
The puff of flame is repelled.
You closely miss something. Your kick misses something.
You hear some strange, mumbled words.
You are confused.
You bump into the rock wall.
Something hits you.
* * * LOW HITPOINT WARNING * * *
You're too confused to move!
Something hits you.
* * * LOW HITPOINT WARNING * * *
You bump into the rock wall.
Something hits you but does no damage.
You hear some strange, mumbled words.
A puff of flame appears from out of thin air!
The puff of flame hits you!
You die...

....#
####...##.##.#########...
....#
#......##.##........#####
....#
#......##.##.######.#
##### #......##.##.#
#....##### ###
######..#.##.###.#.......
..# #...........#..#####
#.# ##...##.#####.## #.#
##..##.# #.# #.# #@)##.#
#.# #.# ##>{..# #.# #.#
###### #.# #.# #.# #.#
#.# #.# ###########.####
'.# #........†.....# '.#
#.########.###.# '.# #.#
###.###.#


There were no monsters in sight!

Vanquished Creatures
  2 orc wizards (D:3)
  A gnoll (D:1)
  7 adders
  2 oozes
  4 worms
  2 leopard geckos
  3 orcs
  A ball python (D:1)
  3 giant cockroaches
  5 goblins
  5 hobgoblins
  A quokka (D:2)
  4 bats
  3 frilled lizards
  4 kobolds
  10 rats
57 creatures vanquished.

Notes
Turn   | Place    | Note
-------+----------+-------------------------------------------
     0 | D:1      | mopl the Tengu Warper began the quest for the Orb.
     0 | D:1      | Reached XP level 1. HP: 12/12 MP: 4/4
    99 | D:1      | Reached XP level 2. HP: 17/17 MP: 6/6
   120 | D:1      | Reached skill level 3 in Long Blades
   130 | D:1      | Learned a level 2 spell: Blink
   133 | D:1      | Learned a level 2 spell: Shroud of Golubria
   332 | D:1      | Reached XP level 3. HP: 18/21 MP: 7/7
   663 | D:2      | Reached skill level 4 in Long Blades
   769 | D:2      | Reached XP level 4. HP: 16/26 MP: 8/8
  1203 | D:2      | Reached skill level 5 in Long Blades
  1817 | D:2      | Gained mutation: You can fly. [Tengu growth]
  1817 | D:2      | Reached XP level 5. HP: 30/30 MP: 9/9
  2329 | D:3      | Reached skill level 6 in Long Blades
  2813 | D:2      | Killed from afar by an orc wizard

Skill      XL: |  1  2  3  4  5 |
---------------+----------------+-----
Long Blades    | 3 4 5 6 |  6.4
Fighting       | |  2.0
Throwing       | |  1.0
Armour         | |  1.1
Dodging        | |  2.1
Spellcasting   | |  2.0
Translocations | |  2.4

Action                   |  1- 3 |  4- 6 || total
-------------------------+-------+-------++-------
Melee: Falchion          |    63 |    96 ||   159
       Kick              |    13 |    28 ||    41
       Peck              |    10 |    24 ||    34
       Dagger            |       |    23 ||    23
Throw: Javelin           |       |     1 ||     1
       Tomahawk          |       |     3 ||     3
  Use: Potion            |       |     2 ||     2
 Stab: Sleeping          |       |     1 ||     1
  Eat: Chunk             |       |     6 ||     6
Armor: Leather armour    |     7 |    18 ||    25
Dodge: Dodged            |    46 |    52 ||    98
       Deflected         |       |     4 ||     4
       Rpst.: Falchion   |     9 |    20 ||    29
